 Dungeon Crawl Stone Soup version 0.21.1-1-g345015f (webtiles) character file.

16654 ChickenMitten the Cleaver (level 12, -12/95 HPs)
             Began as a Formicid Fighter on Apr 15, 2018.
             Was an Initiate of Gozag.
             Killed from afar by Azrael (50 damage)
             ... with damnation
             ... on level 1 of the Orcish Mines.
             The game lasted 00:26:56 (13908 turns).

ChickenMitten the Cleaver (Formicid Fighter)       Turns: 13908, Time: 00:26:56

Health: -12/95     AC: 17    Str: 25    XL:     12   Next: 72%
Magic:  12/12      EV:  7    Int:  9    God:    Gozag
Gold:   694        SH: 16    Dex: 12    Spells: 11/11 levels left

rFire    . . .     SeeInvis +   J - +4 war axe of the Ghost {chop, Dex+2}
rCold    . . .     Gourm    .   c - +0 shield
rNeg     . . .     Faith    .   p - +0 plate armour
rPois    .         Spirit   .   (helmet unavailable)
rElec    .         Reflect  +   z - +0 cloak
rCorr    .         Harm     .   (no gloves)
MR       ++...                  w - +0 pair of boots
Stlth    ..........             B - +3 amulet of reflection
HPRegen  0.25/turn              e - ring of protection from magic
MPRegen  0.13/turn              E - +2 ring of slaying

@: drained
A: permanent stasis, dig shafts and tunnels, four strong arms, antennae 3
a: Dig, Shaft Self, Potion Petition, Call Merchant, Bribe Branch, Renounce
Religion


You were on level 1 of the Orcish Mines.
You worshipped Gozag.
Gozag was pleased with you.
You were not hungry.

You visited 3 branches of the dungeon, and saw 13 of its levels.

You collected 2977 gold pieces.
You spent 1084 gold pieces at shops.
You paid 1199 gold pieces to Gozag.

Inventory:

Hand Weapons
 a - a +0 war axe
 u - a +1 war axe of chopping
 J - the +4 war axe of the Ghost (weapon) {chop, Dex+2}
   (You bought it in a shop on level 8 of the Dungeon)

   It inflicts extra damage upon your enemies.
   It affects your dexterity (+2).
Armour
 b - a +0 scale mail
 c - a +0 shield (worn)
 p - a +0 plate armour (worn)
 w - a +0 pair of boots (worn)
 y - a +2 scale mail of cold resistance
 z - a +0 cloak (worn)
Jewellery
 e - a ring of protection from magic (left hand)
 B - a +3 amulet of reflection (around neck)
 E - a +2 ring of slaying (right hand)
 L - a +3 ring of protection
Wands
 D - a wand of enslavement (10)
Scrolls
 g - a scroll of magic mapping
 l - 4 scrolls of fear
 m - a scroll of enchant armour
 n - 2 scrolls of immolation
 q - 3 scrolls of amnesia
 r - a scroll of noise
 A - 2 scrolls of random uselessness
 I - 2 scrolls of remove curse
Potions
 h - a potion of agility {unknown}
 i - 3 potions of cancellation {unknown}
 j - 2 potions of haste {unknown}
 o - a potion of berserk rage {unknown}
 t - 3 potions of degeneration
 v - 4 potions of flight
 C - 2 potions of heal wounds {unknown}
 F - 5 potions of curing
 G - a potion of lignification {unknown}
 K - a potion of mutation {unknown}
Books
 k - a book of Changes

   Spells                             Type                      Level
   a - Beastly Appendage              Transmutation                1
   b - Sticks to Snakes               Transmutation                2
   c - Spider Form                    Transmutation/Poison         3
   d - Ice Form                       Ice/Transmutation            4
   e - Blade Hands                    Transmutation                5
 s - a book of Necromancy

   Spells                             Type                      Level
   a - Pain                           Necromancy                   1
   b - Animate Skeleton               Necromancy                   1
   c - Vampiric Draining              Necromancy                   3
   d - Regeneration                   Charms/Necromancy            3
   e - Animate Dead                   Necromancy                   4
   f - Borgnjor's Vile Clutch         Necromancy/Earth             5
 H - a book of Flames

   Spells                             Type                      Level
   a - Flame Tongue                   Conjuration/Fire             1
   b - Throw Flame                    Conjuration/Fire             2
   c - Conjure Flame                  Conjuration/Fire             3
   d - Inner Flame                    Hexes/Fire                   3
   e - Sticky Flame                   Conjuration/Fire             4
   f - Fireball                       Conjuration/Fire             5
Comestibles
 f - 7 rations


   Skills:
 * Level 9.3 Fighting
 * Level 13.2(13.1) Axes
 * Level 9.6(9.5) Armour
 * Level 11.8(11.7) Shields


You had 11 spell levels left.
You didn't know any spells.

Dungeon Overview and Level Annotations

Branches:
Dungeon (10/15)            Temple (1/1) D:4            Lair (0/6) D:10
    Orc (2/2) D:10
    Elf: Orc:2

Altars:
Ashenzari
Cheibriados
Dithmenos
Elyvilon
Fedhas
Gozag
Hepliaklqana
Kikubaaqudgha
Makhleb
Nemelex Xobeh
Okawaru
Qazlal
Ru
Sif Muna
Trog
Uskayaw
Vehumet
Wu Jian
Xom
Yredelemnul
Zin
The Shining One
Beogh

Shops:
D:4 =*   D:8 *(   Orc:1 :(

Annotations:
Orc:1 Azrael


Innate Abilities, Weirdness & Mutations

You cannot be hasted, slowed, berserked, paralysed or teleported.
You can dig through walls and to a lower floor.
Your four strong arms can wield two-handed weapons with a shield.
You have a pair of large antennae on your head. (SInv)


Message History

Azrael hits you but does no damage.
You barely miss Azrael.
You are covered in liquid flames!
A cyclops comes into view.
You are covered in liquid flames!
There is a stone staircase leading up, spattered with blood here.
You see here 8 gold pieces.
You are covered in liquid flames!
Azrael hits you but does no damage.
You climb upwards.
You are covered in liquid flames!
There is a stone staircase leading down, spattered with blood here.
It was a potion of magic.
Magic courses through your body.
You are covered in liquid flames!
You block Azrael's attack. Azrael gestures at you.
The sphere of damnation explodes!
The damnation engulfs you!
Ouch! That really hurt!
You die...
Your body crumbles into a pile of gold.

...#...#..........#)...####)#####
#.###.#...........§(..##.......##
####...#..##.#....[>.##..#####..#
#...##...##..)(..§.#..##...##..
##.##........).#.§.#.8#..8..#8.
####..........##§.#.[##...##..
##..#...#..##§###.)##)##..#
#..........R..###...)...##
##..#...#@##.## #########
##......##### ### #.#...## ###.##
#.##...# ###....###.###.##
........##.##### ..8.........#
....#......## ### 8.∩.8.......#
##.##


You could see Azrael.

Vanquished Creatures
  Snorg (Orc:1)
  Josephine (Orc:2)
  2 two-headed ogres
  3 orc knights (Orc:1)
  2 orc sorcerers (Orc:1)
  Joseph (D:7)
  A komodo dragon (D:10)
  A troll (Orc:1)
  A hornet (D:7)
  3 hippogriffs
  5 slime creatures
  3 wraiths
  2 wyverns
  A vampire (D:10)
  2 fire elementals
  A hungry ghost (D:6)
  A warg (Orc:1)
  5 hell hounds (Orc:1)
  Duvessa (D:7)
  2 soldier ants (D:9)
  A swamp drake (D:10)
  17 orc warriors
  A sky beast (D:5)
  2 ice beasts
  2 black bears
  14 ogres
  A necrophage (D:10)
  3 phantoms
  3 centaurs
  A crocodile (D:10)
  8 bullfrogs
  Dowan (D:7)
  2 scorpions
  6 killer bees (D:9)
  5 howler monkeys
  3 crimson imps
  6 jellies
  A gnoll shaman (D:6)
  8 hounds
  13 orc priests
  Crazy Yiuf (D:7)
  5 iguanas
  14 orc wizards
  3 worker ants
  2 hound skeletons
  A worker ant zombie (D:5)
  21 gnolls
  9 adders
  2 oozes (D:2)
  An adder skeleton (D:9)
  4 worms
  A dart slug (D:1)
  8 leopard geckos
  68 orcs
  3 ball pythons
  4 giant cockroaches
  9 goblins
  10 hobgoblins
  10 jackals
  7 kobolds
  4 quokkas
  A ball python zombie (D:5)
  5 bats
  3 frilled lizards
  A quokka skeleton (D:5)
  7 rats
341 creatures vanquished.

Vanquished Creatures (others)
  A centaur (D:8)
1 creature vanquished.

Grand Total: 342 creatures vanquished

Notes
Turn   | Place    | Note
-------+----------+-------------------------------------------
     0 | D:1      | ChickenMitten the Formicid Fighter began the quest for the Orb.
     0 | D:1      | Reached XP level 1. HP: 18/18 MP: 1/1
   125 | D:1      | Reached XP level 2. HP: 14/24 MP: 2/2
   567 | D:1      | Reached XP level 3. HP: 28/29 MP: 3/3
  1123 | D:2      | Found a white marble altar of Elyvilon.
  1191 | D:2      | Reached XP level 4. HP: 37/37 MP: 4/4
  1567 | D:3      | Found a shattered altar of Ashenzari.
  1733 | D:3      | Found a basalt altar of Yredelemnul.
  1927 | D:3      | Reached skill level 3 in Axes
  2309 | D:3      | Found a glowing golden altar of the Shining One.
  2410 | D:4      | Reached XP level 5. HP: 33/42 MP: 5/5
  2431 | D:4      | Found Zetio's Assorted Antiques.
  2438 | D:4      | Bought a glowing war axe for 156 gold pieces
  2466 | D:4      | Found a staircase to the Ecumenical Temple.
  2485 | Temple   | Entered the Ecumenical Temple
  2767 | Temple   | Became a worshipper of Gozag Ym Sagoz the Greedy
  2835 | D:4      | Reached XP level 6. HP: 44/48 MP: 6/6
  2852 | D:4      | Reached skill level 4 in Axes
  2933 | D:4      | Found a faded altar of an unknown god.
  2933 | D:4      | Found a blossoming altar of Fedhas.
  3049 | D:4      | Found an iron altar of Okawaru.
  3052 | D:4      | Found a faded altar of an unknown god.
  3054 | D:4      | Found a snail-covered altar of Cheibriados.
  3134 | D:4      | Reached skill level 5 in Shields
  3275 | D:4      | Reached XP level 7. HP: 50/55 MP: 7/7
  3391 | D:4      | Reached skill level 5 in Axes
  3567 | D:5      | Entered Level 5 of the Dungeon
  3700 | D:5      | Reached skill level 5 in Armour
  3747 | D:5      | Reached XP level 8. HP: 12/61 MP: 8/8
  4041 | D:5      | Reached skill level 6 in Axes
  4079 | D:5      | Found a shimmering altar of Xom.
  4434 | D:5      | Reached skill level 5 in Fighting
  4774 | D:6      | Found a shadowy altar of Dithmenos.
  4839 | D:6      | Reached skill level 7 in Axes
  4917 | D:6      | Found a burning altar of Makhleb.
  4917 | D:6      | Found a radiant altar of Vehumet.
  5103 | D:6      | Reached XP level 9. HP: 65/68 MP: 9/9
  5519 | D:7      | Noticed a hornet
  5519 | D:7      | Reached skill level 8 in Axes
  5549 | D:7      | Killed a hornet
  6114 | D:7      | Noticed Joseph
  6140 | D:7      | Killed Joseph
  6140 | D:7      | Reached skill level 9 in Axes
  6398 | D:7      | Reached XP level 10. HP: 72/76 MP: 10/10
  6485 | D:7      | Noticed Dowan
  6486 | D:7      | Noticed Duvessa
  6490 | D:7      | Killed Dowan
  6513 | D:7      | Killed Duvessa
  6938 | D:4      | Bought a silvery potion for 21 gold pieces
  6938 | D:4      | Bought a potion of curing for 72 gold pieces
  6940 | D:4      | Bought a +2 ring of slaying for 273 gold pieces
  7095 | D:7      | Found a runed door.
  7099 | D:7      | Noticed Crazy Yiuf
  7106 | D:7      | Killed Crazy Yiuf
  7378 | D:8      | Found Ottuor Cael's Antique Weapon Boutique.
  7450 | D:8      | Found Kinguc's Elemental Accessories.
  7926 | D:8      | Reached skill level 10 in Axes
  8158 | D:8      | Bought an encrusted war axe for 289 gold pieces
  8158 | D:8      | Identified the +4 war axe of the Ghost {chop, Dex+2} (You bought it in a shop on level 8 of the Dungeon)
  8175 | D:9      | Noticed a two-headed ogre
  8182 | D:9      | Killed a two-headed ogre
  8246 | D:9      | Reached XP level 11. HP: 79/84 MP: 11/11
  8289 | D:9      | Reached skill level 10 in Shields
  8529 | D:9      | Reached skill level 11 in Axes
  8736 | D:9      | Found a stormy altar of Qazlal.
  8987 | D:4      | Bought a +3 ring of protection for 273 gold pieces
  9108 | D:10     | Entered Level 10 of the Dungeon
  9156 | D:10     | Noticed a two-headed ogre
  9162 | D:10     | Killed a two-headed ogre
  9261 | D:10     | Found a staircase to the Orcish Mines.
 10437 | D:10     | Found a staircase to the Lair.
 10751 | D:10     | Found a roughly hewn altar of Beogh.
 10852 | Orc:1    | Entered Level 1 of the Orcish Mines
 10879 | Orc:1    | Found Quhe's Book Boutique.
 10971 | Orc:2    | Entered Level 2 of the Orcish Mines
 10986 | Orc:1    | Reached skill level 12 in Axes
 11209 | Orc:1    | Noticed an orc sorcerer
 11215 | Orc:1    | Killed an orc sorcerer
 11324 | Orc:2    | Noticed Snorg
 11324 | Orc:2    | Noticed an orc knight
 11325 | Orc:2    | Noticed Josephine
 11326 | Orc:2    | Noticed an orc sorcerer
 11601 | Orc:1    | Killed an orc knight
 11601 | Orc:1    | Reached XP level 12. HP: 65/94 MP: 12/12
 13377 | Orc:2    | Noticed Azrael
 13694 | Orc:1    | Killed Snorg
 13694 | Orc:1    | Reached skill level 13 in Axes
 13883 | Orc:2    | Killed Josephine
 13908 | Orc:1    | Killed from afar by Azrael

Skill      XL: |  1  2  3  4  5  6  7  8  9 10 11 12 |
---------------+-------------------------------------+-----
Shields        | 4 5 6 8 9 11 | 11.8
Axes           | 3 4 5 7 9 10 12 13 | 13.2
Fighting       | 4 5 6 7 8 9 |  9.3
Armour         | 4 5 6 7 8 9 |  9.6

Action                   |  1- 3 |  4- 6 |  7- 9 | 10-12 || total
-------------------------+-------+-------+-------+-------++-------
Melee: War axe           |    90 |   187 |   368 |   641 ||  1286
Invok: Call Merchant     |       |       |       |     2 ||     2
 Abil: Dig               |       |       |     2 |     2 ||     4
  Use: Scroll            |       |       |     1 |    14 ||    15
       Potion            |       |       |     3 |     2 ||     5
 Stab: Distracted        |       |       |       |     2 ||     2
  Eat: Chunk             |     1 |     6 |       |       ||     7
       Ration            |       |       |     6 |     7 ||    13
Armor: Scale mail        |    42 |       |       |       ||    42
       Plate armour      |       |   112 |   154 |   189 ||   455
Dodge: Dodged            |    35 |    31 |    54 |    91 ||   211
Block: Shield            |    45 |    99 |   255 |   431 ||   830
       Reflection        |       |       |     1 |    15 ||    16
